 Dungeon Crawl Stone Soup version 0.31-a0-187-gba352fbbf7 (webtiles) character file.

Game seed: 7732550816460002622

201 pokeman the Magician (level 5, -6/29 HPs)
             Began as a Deep Elf Hedge Wizard on June 22, 2023.
             Mangled by an ogre
             ... wielding a +0 giant club
              (14 damage)
             ... on level 4 of the Dungeon.
             The game lasted 00:05:41 (3124 turns).

pokeman the Magician (Deep Elf Hedge Wizard)        Turns: 3124, Time: 00:05:42

Health: -6/29      AC:  7    Str:  7    XL:     5   Next: 50%
Magic:  0/15       EV: 17    Int: 21    God:
Gold:   154        SH:  0    Dex: 14    Spells: 8/16 levels left

rFire   . . .        a - +0 dagger
rCold   . . .        (no shield)
rNeg    . . .        e - +3 leather armour
rPois   .            j - +0 helmet
rElec   .            (no cloak)
rCorr   .            (no gloves)
SInv    .            (no boots)
Will    .....        (no amulet)
Stlth   ++           r - +5 ring of evasion
HPRegen 0.24/turn    h - ring of wizardry
MPRegen 0.14/turn

%: wizardry (x1)
@: no status effects
A: no striking features
a: no special abilities


You were on level 4 of the Dungeon.
You visited 1 branch of the dungeon, and saw 4 of its levels.

You collected 154 gold pieces.

Inventory:

Hand Weapons
 a - a +0 dagger (weapon)
Armour
 e - a +3 leather armour (worn)
 j - a +0 helmet (worn)
Magical Staves
 o - a staff of conjuration
Jewellery
 f - a ring of see invisible
 h - a ring of wizardry (right hand)
 r - a +5 ring of evasion (left hand)
Scrolls
 b - 2 scrolls of enchant armour {unknown}
 g - 3 scrolls of identify {unknown}
 k - a scroll of noise {unknown}
 l - 2 scrolls of poison {unknown}
 q - a scroll of amnesia {unknown}
 s - a scroll of fog {unknown}
 t - a scroll of teleportation {unknown}
Potions
 c - 2 potions of curing {unknown}
 d - a potion of magic
 i - a potion of heal wounds {unknown}
 m - a potion of degeneration {unknown}
 n - a potion of enlightenment {unknown}
 p - a potion of lignification {unknown}


   Skills:
 - Level 1.0 Fighting
 - Level 1.0 Armour
 - Level 3.0 Dodging
 - Level 3.2 Stealth
 * Level 6.3 Spellcasting
 + Level 2.8 Conjurations
 - Level 1.1 Summonings
 - Level 1.1 Translocations
 + Level 0.2 Air Magic
 + Level 0.2 Poison Magic
 + Level 0.2 Evocations


You had 8 spell levels left.
You knew the following spells:

 Your Spells              Type           Power      Damage    Failure   Level
a - Magic Dart            Conj           72%        1d6       1%          1
b - Mephitic Cloud        Conj/Pois/Air  11%        N/A       11%         3
c - Call Imp              Summ           22%        N/A       5%          2
d - Blink                 Tloc           22%        N/A       5%          2

Your spell library contained the following spells:

 Spells                   Type           Power      Damage    Failure   Level
 Slow                     Hex            24%        N/A       6%          1
 Cigotuvi's Dreadful Rot  Necr/Pois/Air  14%        N/A       8%          2
 Ensorcelled Hibernation  Hex/Ice        12%        N/A       9%          2
 Spider Form              Tmut/Pois      7%         N/A       16%         3
 Anguish                  Hex/Necr       3%         N/A       45%         4


Dungeon Overview and Level Annotations

Branches:
Dungeon (4/15)
 Temple: D:4-7

Altars:
Uskayaw
Yredelemnul

Shops:
D:2 [


Message History

The ogre is severely wounded.
The ogre barely misses you.
Your magical contamination has completely faded away.
You hit the ogre but do no damage.
The ogre is severely wounded.
You hit the ogre.
The ogre is severely wounded.
Casting: Magic Dart (safe; 1% risk of failure)
Confirm with . or Enter, or press ? or * to list all spells.
Aiming: Magic Dart (safe; 1% risk of failure)
Press: ? - help, Shift-Dir - straight line, f/p - ogre
Aim: an ogre, wielding a +0 giant club (severely wounded, confused, 100% to hit)
The magic dart hits the kobold.
You kill the kobold!
Unknown command.
Casting: Magic Dart (safe; 1% risk of failure)
Confirm with . or Enter, or press ? or * to list all spells.
You don't have enough magic to cast this spell.
Unknown command.
Unknown command.
You hit the ogre but do no damage.
The ogre is severely wounded.
The ogre seems less confused.
The ogre hits you with a +0 giant club!!
Ouch! That really hurt!
* * * LOW HITPOINT WARNING * * *
Unknown command.
The ogre attacks as you move away! The ogre misses you.
Casting: Magic Dart (safe; 1% risk of failure)
Confirm with . or Enter, or press ? or * to list all spells.
Aiming: Magic Dart (safe; 1% risk of failure)
Press: ? - help, Shift-Dir - straight line, f/p - ogre
Aim: an ogre, wielding a +0 giant club (severely wounded, 100% to hit)
The magic dart hits the ogre.
The ogre is almost dead.
Unknown command.
You barely miss the ogre.
The ogre is almost dead.
The ogre hits you with a +0 giant club!
You die...

#.###### .# #.#####
.# #.....# ..
#####(# ?# #.# .#
#.# .# #.# .#
#.########## .#
#......@O..# .#
##########.##.##.##.
#......)....)..
#.###)##.[.#..# #.#
#..# #.. .... ....
...# #..## ##.# ...#
...


You could see an ogre.

Vanquished Creatures
  A scorpion (D:4)
  Terence (D:2)
  4 adders
  An ufetubus (D:4)
  A worm (D:2)
  3 dart slugs
  10 orcs
  5 ball pythons
  4 endoplasms
  A giant cockroach (D:2)
  8 goblins
  A hobgoblin (D:2)
  3 quokkas (D:1)
  6 bats
  2 frilled lizards (D:3)
  6 kobolds
  4 rats
61 creatures vanquished.

Vanquished Creatures (collateral kills)
  An orc (D:4)
1 creature vanquished.

Grand Total: 62 creatures vanquished

Notes
Turn   | Place    | Note
-------+----------+-------------------------------------------
     0 | D:1      | pokeman the Deep Elf Hedge Wizard began the quest for the
                  | Orb.
     0 | D:1      | Reached XP level 1. HP: 10/10 MP: 7/7
   200 | D:1      | Reached XP level 2. HP: 16/16 MP: 5/9
   615 | D:1      | You fall into a shaft and drop 1 floor!
   617 | D:2      | Found Ybyimocw's Antique Armour Boutique.
   665 | D:2      | Reached skill level 5 in Spellcasting
   889 | D:2      | Reached XP level 3. HP: 20/20 MP: 2/11
   893 | D:2      | Learned a level 3 spell: Mephitic Cloud
   896 | D:2      | Learned a level 2 spell: Call Imp
   899 | D:2      | Learned a level 2 spell: Blink
  1157 | D:2      | Noticed Terence
  1216 | D:2      | Killed Terence
  1217 | D:2      | Reached skill level 1 in Fighting
  1217 | D:2      | Reached skill level 1 in Armour
  1810 | D:3      | Reached XP level 4. HP: 25/25 MP: 5/13
  2050 | D:3      | Found a hide-covered altar of Uskayaw.
  2381 | D:3      | Found a basalt altar of Yredelemnul.
  2752 | D:4      | Noticed a scorpion
  2796 | D:4      | Killed a scorpion
  2797 | D:4      | Reached skill level 6 in Spellcasting
  2797 | D:4      | Reached XP level 5. HP: 18/29 MP: 1/15
  3102 | D:4      | Noticed an ogre
  3124 | D:4      | Mangled by an ogre

Illustrated notes

Levels and vault maps discovered:
D:1:      zaba_arrival_water, layout_rooms, shapermc_ecumenical_altar_petra
D:2:      layout_basic, serial_shops, shop, uniq_terence
D:3:      layout_loops_ring, yredelemnul_altar_generic,
          eat_drink_and_be_merry_uskayaw
D:4:      layout_loops_ring, lemuel_coloured_pillars_altar,
          minmay_temple_entry_stoned_glass, uniq_menkaure

Skill      XL: |  1  2  3  4 |
---------------+-------------+-----
Spellcasting   | 5 6 |  6.3
Fighting       | 1 |  1.0
Armour         | 1 |  1.0
Conjurations   | 2 |  2.8
Dodging        | 3 |  3.0
Stealth        | 3 |  3.2
Summonings     | |  1.1
Translocations | |  1.1
Air Magic      | |  0.2
Poison Magic   | |  0.2
Evocations     | |  0.2

Action                     |  1- 3 |  4- 6 || total
---------------------------+-------+-------++-------
  Melee: Dagger            |     9 |    38 ||    47
   Cast: Magic Dart        |    84 |    75 ||   159
         Mephitic Cloud    |     2 |     4 ||     6
         Call Imp          |     1 |     2 ||     3
   Stab: Confused          |     1 |       ||     1
 Armour: Leather armour    |     5 |    15 ||    20
  Dodge: Dodged            |    13 |    50 ||    63

Table legend: (Time is in decaauts)
 A = Elapsed time spent in this place.
 B = Non-inter-level travel time spent in this place.
 C = Inter-level travel time spent in this place.
 D = Time resting spent in this place.
 E = Time spent auto-exploring this place.
 F = Levels seen in this place.
 G = Mean time per level.
                   A        B        C        D        E       F      G
               +--------+--------+--------+--------+--------+-----+--------+
         Total |   3127 |   3036 |     91 |    104 |   2434 |   4 |  781.8 |
       Dungeon |   3127 |   3036 |     91 |    104 |   2434 |   4 |  781.8 |
               +--------+--------+--------+--------+--------+-----+--------+

Top non-repeatable levels by time:
     D:2: 1149 daAuts
     D:3: 979 daAuts
     D:1: 620 daAuts
     D:4: 377 daAuts
